 Dungeon Crawl Stone Soup version 0.22.1-2-g9c5b331 (webtiles) character file.

242 Velaskes the Slasher (level 5, 0/41 HPs)
             Began as a Demonspawn Gladiator on Dec 18, 2018.
             Slain by an ogre
             ... wielding a +0 giant club
              (23 damage)
             ... on level 4 of the Dungeon.
             The game lasted 00:09:33 (3332 turns).

Velaskes the Slasher (Demonspawn Gladiator)         Turns: 3332, Time: 00:09:33

Health: 0/41       AC:  9    Str: 14    XL:     5   Next: 81%
Magic:  5/5        EV: 12    Int:  9    God:
Gold:   146        SH:  0    Dex: 16    Spells: 4/4 levels left

rFire    . . .     SeeInvis +   a - +2 long sword
rCold    . . .     Gourm    .   (no shield)
rNeg     . . .     Faith    .   o - +0 ring mail
rPois    .         Spirit   .   c - +0 helmet
rElec    .         Reflect  .   (no cloak)
rCorr    .         Harm     .   (no gloves)
MR       .....                  (no boots)
Stlth    +.........             h - amulet of the acrobat
HPRegen  0.13/turn              g - ring of see invisible
MPRegen  0.09/turn              (no ring)

@: no status effects
A: yellow scales 2
a: no special abilities


You were on level 4 of the Dungeon.
You were not hungry.

You visited 1 branch of the dungeon, and saw 4 of its levels.

You collected 146 gold pieces.

Inventory:

Hand Weapons
 a - a +2 long sword (weapon)
 e - a +0 quarterstaff
Missiles
 d - 3 throwing nets (quivered)
Armour
 b - a +0 leather armour
 c - a +0 helmet (worn)
 o - a +0 ring mail (worn)
Jewellery
 g - a ring of see invisible (left hand)
 h - an amulet of the acrobat (around neck)
Scrolls
 i - a scroll of teleportation
 j - 2 scrolls of remove curse
 n - a scroll of identify {unknown}
Potions
 k - a potion of cancellation
 l - a potion of agility {unknown}
 m - a potion of curing
Comestibles
 f - 7 rations


   Skills:
 + Level 3.0 Fighting
 + Level 4.7 Long Blades
 + Level 1.8 Throwing
 + Level 1.6 Armour
 + Level 3.4 Dodging
 + Level 0.1 Stealth


You had 4 spell levels left.
You didn't know any spells.
Your spell library was empty.

Dungeon Overview and Level Annotations

Branches:
Dungeon (4/15)
 Temple: D:4-7

Altars:
Kikubaaqudgha


Innate Abilities, Weirdness & Mutations

You are mostly covered in yellow scales. (AC +3)


Message History

An ogre comes into view. It is wielding a giant club.
The ogre shouts!
The ogre moves out of view.
There is a stone staircase leading down here.
The ogre completely misses you. The ogre completely misses you.
The ogre completely misses you.
There is a stone staircase leading down here.
The ogre misses you.
You slash the ogre!
The ogre is moderately wounded.
The ogre hits you with a giant club!!
You hit the ogre.
The ogre is heavily wounded.
The ogre misses you.
You hit the ogre but do no damage.
The ogre is heavily wounded.
The ogre hits you with a giant club!!
Ouch! That really hurt!
You die...

### #.. #.# #.# #.#
####.#################
#...O@................
#....####################
#....# #....# ####.# #.#
#.# #.#


You could see an ogre.

Vanquished Creatures
  An ogre (D:4)
  3 adders
  4 gnolls (D:3)
  An ooze (D:2)
  3 worms
  A dart slug (D:1)
  5 leopard geckos
  4 orcs
  7 bats
  2 giant cockroaches (D:3)
  9 goblins
  8 hobgoblins
  2 quokkas (D:3)
  5 frilled lizards
  8 kobolds
  4 rats
67 creatures vanquished.

Vanquished Creatures (others)
  A human (D:3)
1 creature vanquished.

Grand Total: 68 creatures vanquished

Notes
Turn   | Place    | Note
-------+----------+-------------------------------------------
     0 | D:1      | Velaskes the Demonspawn Gladiator began the quest for the
                  | Orb.
     0 | D:1      | Reached XP level 1. HP: 16/16 MP: 1/1
   114 | D:1      | Reached skill level 3 in Long Blades
   114 | D:1      | Gained mutation: You are partially covered in yellow
                  | scales. (AC +2) [demonic ancestry]
   114 | D:1      | Reached XP level 2. HP: 15/22 MP: 2/2
   919 | D:2      | Gained mutation: You are mostly covered in yellow scales.
                  | (AC +3) [demonic ancestry]
   919 | D:2      | Reached XP level 3. HP: 9/28 MP: 3/3
  1393 | D:2      | Reached XP level 4. HP: 31/34 MP: 4/4
  2208 | D:3      | Reached skill level 4 in Long Blades
  2393 | D:3      | Reached skill level 1 in Armour
  2764 | D:3      | Found an ancient bone altar of Kikubaaqudgha.
  2777 | D:3      | Reached XP level 5. HP: 39/39 MP: 5/5
  2936 | D:3      | Noticed a human
  2937 | D:3      | Killed a human
  3011 | D:4      | Noticed an ogre
  3025 | D:4      | Killed an ogre
  3319 | D:4      | Noticed an ogre
  3332 | D:4      | Slain by an ogre

Skill      XL: |  1  2  3  4  5 |
---------------+----------------+-----
Long Blades    | 3 4 |  4.7
Dodging        | 3 |  3.4
Armour         | 1 |  1.6
Fighting       | 3 |  3.0
Throwing       | |  1.8
Stealth        | |  0.1

Action                   |  1- 3 |  4- 6 || total
-------------------------+-------+-------++-------
Melee: Long sword        |    88 |   113 ||   201
  Use: Potion            |     5 |     4 ||     9
       Scroll            |     2 |     3 ||     5
  Eat: Ration            |     1 |     2 ||     3
Armor: Leather armour    |    28 |     4 ||    32
       Ring mail         |       |    33 ||    33
Dodge: Dodged            |    99 |    84 ||   183
       Rpst.: Long sword |    31 |    18 ||    49
